 Dungeon Crawl Stone Soup version 0.17-a0-701-gb6462b4 (webtiles) character file.

690 talyn the Conjurer (level 7, -1/36 HPs)
             Began as a Deep Elf Conjurer on Apr 19, 2015.
             Was a Follower of Vehumet.
             Slain by a water moccasin zombie (4 damage)
             ... animated by a shadow imp
             ... on level 6 of the Dungeon.
             The game lasted 00:15:16 (4886 turns).

talyn the Conjurer (Deep Elf Conjurer)              Turns: 4886, Time: 00:15:16

Health: -1/36      AC:  5    Str:  8    XL:     7   Next: 36%
Magic:  16/28      EV: 13    Int: 22    God:    Vehumet [*.....]
Gold:   209        SH:  0    Dex: 15    Spells: 5 memorised, 5 levels left

rFire  . . .     SeeInvis .     a - +0 short sword
rCold  . . .     Clarity  .     d - +0 robe
rNeg   . . .     SustAb   .     (no shield)
rPois  .         Gourm    .     (no helmet)
rElec  .         Spirit   .     o - +0 cloak
rCorr  .         Warding  .     n - +0 pair of gloves
rMut   .         Stasis   .     p - +0 pair of boots
MR     .....                    x - amulet of faith
Stlth  ++........               w - +3 ring of strength
                                r - ring of magical power

@: very slightly contaminated, hasted, very quick, not resistant to hostile
enchantments, unstealthy
A: no striking features
a: Renounce Religion


You were on level 6 of the Dungeon.
You worshipped Vehumet.
Vehumet was aware of your devotion.
You were not hungry.

You visited 1 branch of the dungeon, and saw 6 of its levels.

You collected 209 gold pieces.

Inventory:

Hand weapons
 a - a +0 short sword (weapon)
Armour
 d - a +0 robe (worn)
 n - a +0 pair of gloves (worn)
 o - a +0 cloak (worn)
 p - a +0 pair of boots (worn)
Jewellery
 r - a ring of magical power (left hand)
 w - a +3 ring of strength (right hand)
 x - an amulet of faith (around neck)
Magical devices
 t - a wand of confusion (16)
Scrolls
 q - 2 scrolls of recharging
Potions
 e - a potion of resistance
 f - a potion of degeneration {unknown}
 h - 2 potions of cancellation
 i - a potion of curing
 j - a potion of restore abilities {unknown}
 k - a potion of flight
 l - 2 potions of heal wounds {unknown}
 m - 2 potions of haste
 A - a potion of agility {unknown}
Books
 c - a book of Conjurations

   Spells                             Type                      Level
   a - Magic Dart                     Conjuration                  1
   b - Searing Ray                    Conjuration                  2
   c - Dazzling Spray                 Conjuration/Hexes            3
   d - Fulminant Prism                Conjuration/Hexes            4
   e - Iskenderun's Mystic Blast      Conjuration                  4
   f - Iskenderun's Battlesphere      Conjuration/Charms           5
 s - a book of the Dragon

   Spells                             Type                      Level
   a - Flight                         Charms/Air                   3
   b - Cause Fear                     Hexes                        4
   c - Bolt of Fire                   Conjuration/Fire             6
   d - Dragon Form                    Transmutation                7
   e - Dragon's Call                  Summoning                    9
 z - a book of Party Tricks

   Spells                             Type                      Level
   a - Summon Butterflies             Summoning                    1
   b - Apportation                    Translocation                1
   c - Tukima's Dance                 Hexes                        3
   d - Alistair's Intoxication        Transmutation/Poison         4
   e - Invisibility                   Hexes                        6
Comestibles
 b - 5 bread rations
 g - 7 fruits
 u - 2 meat rations


   Skills:
 + Level 3.4 Dodging
 - Level 2.4 Stealth
 - Level 7.0 Spellcasting
 + Level 7.2 Conjurations
 + Level 4.2 Charms


You had 5 spell levels left.
You knew the following spells:

 Your Spells              Type           Power        Failure   Level  Hunger
a - Magic Dart            Conj           ####         1%          1    None
b - Searing Ray           Conj           #####.       1%          2    None
c - Dazzling Spray        Conj/Hex       ###.....     8%          3    None
d - Iskenderun's Mystic   Conj           #####...     4%          4    ###....
e - Iskenderun's Battles  Conj/Chrm      ####....     21%         5    #####..


Dungeon Overview and Level Annotations

Branches:
Dungeon (6/15)             Temple (0/1) D:4

Altars:
Dithmenos
Elyvilon
Kikubaaqudgha
Makhleb
Nemelex Xobeh
Vehumet
Xom

Annotations:
D:6 Prince Ribbit


Message History

* * * LOW HITPOINT WARNING * * *
The centaur zombie hits you.
* * * LOW HITPOINT WARNING * * *
The water moccasin zombie bites you.
* * * LOW HITPOINT WARNING * * *
Casting: Magic Dart
Confirm with . or Enter, or press ? or * to list all spells.
Aiming: Magic Dart
Press: ? - help, Shift-Dir - straight line, f/p - water moccasin zombie
Aim: a water moccasin zombie The magic dart hits the water moccasin zombie.
The centaur zombie hits you but does no damage.
Casting: Magic Dart
Confirm with . or Enter, or press ? or * to list all spells.
Aiming: Magic Dart
Press: ? - help, Shift-Dir - straight line, f/p - water moccasin zombie
Aim: a water moccasin zombie The magic dart hits the water moccasin zombie.
The water moccasin zombie bites you.
You die...

#########
##..Z@Z..##
#..<###...##
#.###
###..## #.
##..# #
#........#
#F........#
#Z..##..##..
....# ...# .
....# #..#


You could see a water moccasin zombie and a centaur zombie.

Vanquished Creatures
  A water moccasin (D:6)
  A phantom (D:6)
  An ogre (D:4)
  A centaur (D:4)
  2 hounds
  An orc wizard (D:3)
  3 worker ants
  A killer bee zombie (D:5)
  5 adders
  A shadow imp (D:6)
  An ooze (D:1)
  2 worms (D:4)
  6 giant geckos
  6 orcs
  11 bats
  6 giant cockroaches
  9 goblins
  9 hobgoblins
  3 quokkas
  5 giant newts
  A giant spore (D:6)
  3 jackals (D:3)
  A jackal skeleton (D:4)
  8 kobolds
  6 rats
94 creatures vanquished.

Vanquished Creatures (others)
  An orc wizard (D:3)
1 creature vanquished.

Grand Total: 95 creatures vanquished

Notes
Turn   | Place    | Note
--------------------------------------------------------------
     0 | D:1      | talyn, the Deep Elf Conjurer, began the quest for the Orb.
     0 | D:1      | Reached XP level 1. HP: 10/10 MP: 6/6
   115 | D:1      | Reached XP level 2. HP: 15/15 MP: 2/8
   119 | D:1      | Learned a level 2 spell: Searing Ray
   750 | D:1      | Reached XP level 3. HP: 19/19 MP: 7/10
   779 | D:1      | Learned a level 3 spell: Dazzling Spray
  1066 | D:2      | Reached skill level 5 in Conjurations
  1146 | D:2      | Found a shadowy altar of Dithmenos.
  1331 | D:2      | Found an ancient bone altar of Kikubaaqudgha.
  1505 | D:2      | Found a burning altar of Makhleb.
  1509 | D:2      | Reached skill level 5 in Spellcasting
  1509 | D:2      | Reached XP level 4. HP: 24/24 MP: 3/13
  2011 | D:3      | Found a radiant altar of Vehumet.
  2123 | D:3      | Reached skill level 6 in Spellcasting
  2123 | D:3      | Reached XP level 5. HP: 21/28 MP: 1/15
  2233 | D:3      | Became a worshipper of Vehumet
  2312 | D:3      | Found a sparkling altar of Nemelex Xobeh.
  2585 | D:3      | Learned a level 5 spell: Iskenderun's Battlesphere
  2590 | D:3      | Learned a level 4 spell: Iskenderun's Mystic Blast
  2871 | D:4      | Reached skill level 1 in Charms
  3164 | D:4      | Found a staircase to the Ecumenical Temple.
  3254 | D:4      | Found a shimmering altar of Xom.
  3372 | D:4      | Noticed a centaur
  3373 | D:4      | Noticed an ogre
  3382 | D:4      | Killed a centaur
  3382 | D:4      | Reached XP level 6. HP: 13/32 MP: 17/17
  3596 | D:4      | Killed an ogre
  3726 | D:4      | Acquired Vehumet's first power
  3726 | D:4      | Offered knowledge of Sandblast by Vehumet.
  3781 | D:4      | Found a white marble altar of Elyvilon.
  3952 | D:4      | Learned a level 5 spell: Iskenderun's Battlesphere
  3966 | D:5      | Entered Level 5 of the Dungeon
  4306 | D:5      | Found a burning altar of Makhleb.
  4426 | D:5      | Reached skill level 7 in Spellcasting
  4674 | D:6      | Noticed a water moccasin
  4682 | D:6      | Killed a water moccasin
  4682 | D:6      | Reached XP level 7. HP: 13/36 MP: 17/19
  4866 | D:6      | Noticed Prince Ribbit
  4886 | D:6      | Slain by a water moccasin zombie

Action                   |  1- 3 |  4- 6 |  7- 9 || total
-------------------------+-------+-------+-------++-------
 Cast: Magic Dart        |    66 |   158 |    21 ||   245
       Dazzling Spray    |     1 |     9 |       ||    10
       Iskenderun's Myst |       |     1 |       ||     1
  Use: Scroll            |     3 |     9 |       ||    12
       Potion            |       |       |     2 ||     2
  Eat: Chunk             |     1 |     2 |       ||     3
       Beef jerky        |     1 |       |     1 ||     2
       Meat ration       |       |     1 |       ||     1
       Pizza             |       |     1 |       ||     1
